 Dungeon Crawl Stone Soup version 0.25-a0-645-gb4487340cb (webtiles) character file.

Game seed: 16589853497351782974, levelgen mode: deterministic

214497 ReteAZ the Fencer (level 18, -16/141 HPs)
             Began as a Barachi Gladiator on Mar 21, 2020.
             Was the Champion of Okawaru.
             Demolished by an alligator snapping turtle (78 damage)
             ... on level 4 of the Shoals.
             The game lasted 01:40:37 (33199 turns).

ReteAZ the Fencer (Barachi Gladiator)              Turns: 33199, Time: 01:40:38

Health: -16/141    AC: 46    Str: 29    XL:     18   Next: 99%
Magic:  16/23      EV: 24    Int: 10    God:    Okawaru [******]
Gold:   1661       SH:  0    Dex: 24    Spells: 17/17 levels left

rFire    + + .     SeeInvis .   w - +7 demon blade "Geqesat" {vamp, rN+ Dex+3}
rCold    . . .     Gourm    .   R - +1 kite shield of Hucwoem {Str+5}
rNeg     + . .     Faith    .   J - +15 Maxwell's patent armour {-Cast -Tele rElec MR+ rCorr}
rPois    .         Spirit   .   c - +1 helmet
rElec    +         Reflect  +   b - scarf {repulsion}
rCorr    +         Harm     .   M - +1 pair of gloves {Dex+3}
MR       ++...     NoTele   +   l - +2 pair of boots {Stlth+} Stlth ..........NoCast +
                                S - brooch of Shielding {Reflect SH+8}
HPRegen  0.33/turn              n - ring of the Villain {rF+ Str+4}
MPRegen  0.18/turn              i - +2 ring of protection

@: sleeping, heroism, finesse, repel missiles, slow
A: +LOS, swims, fire resistance 1, slowness 1, strong 1, strong legs 2
}: 1/15 runes: barnacled
a: Hop, Heroism, Finesse, Renounce Religion


You were on level 4 of the Shoals.
You worshipped Okawaru.
Okawaru was exalted by your worship.
You were not hungry.

You visited 4 branches of the dungeon, and saw 27 of its levels.
You visited the Abyss 1 time.
You also visited: Ossuary, Gauntlet, Ice Cave and Volcano.

You collected 2632 gold pieces.
You spent 971 gold pieces at shops.

Inventory:

Hand Weapons
 a - a +0 long sword
 t - a +3 scimitar of flaming
 w - the +7 demon blade "Geqesat" (weapon) {vamp, rN+ Dex+3}
   (You acquired it on level 5 of the Lair of Beasts)

   It inflicts no extra harm, but heals its wielder when it wounds a living foe.
   It affects your dexterity (+3).
   It protects you from negative energy.
Missiles
 d - 9 throwing nets
 K - 17 silver javelins
 X - 71 javelins (quivered)
 Y - 25 curare-tipped darts
Armour
 b - a scarf of repulsion (worn)
 c - a +1 helmet (worn)
 l - a +2 pair of boots of stealth (worn)
 m - the +12 crystal plate armour of Valour {-Cast rElec rC++ Str+4}
   (Okawaru gifted it to you on level 12 of the Dungeon)

   It affects your strength (+4).
   It greatly protects you from cold.
   It insulates you from electricity.
   It prevents spellcasting.
 I - a +4 ring mail of fire resistance
 J - the +15 Maxwell's patent armour (worn) {-Cast -Tele rElec MR+ rCorr}
   (Okawaru gifted it to you on level 4 of the Lair of Beasts)

   It insulates you from electricity.
   It affects your resistance to hostile enchantments.
   It prevents spellcasting.
   It prevents most forms of teleportation.
   It provides partial protection from all sources of acid and corrosion.
 M - a +1 pair of gloves of dexterity (worn)
 R - the +1 kite shield of Hucwoem (worn) {Str+5}
   (You found it on level 6 of the Dungeon)

   It affects your strength (+5).
Jewellery
 i - a +2 ring of protection (right hand)
 n - the ring of the Villain (left hand) {rF+ Str+4}
   (You found it in a Gauntlet)

   [ring of protection from fire]

   It affects your strength (+4).
   It protects you from fire.
 S - the brooch of Shielding (around neck) {Reflect SH+8}
   (You found it on level 7 of the Dungeon)

   [amulet of reflection]

   It shields you and reflects attacks.
   It affects your SH (+8).
Wands
 v - a wand of paralysis (12)
 z - a wand of iceblast (42)
 D - a wand of scattershot (2)
 F - a wand of enslavement (8)
 G - a wand of acid (10)
 O - a wand of digging (6)
 Q - a wand of flame (17)
 T - a wand of polymorph (10)
Scrolls
 e - 7 scrolls of teleportation
 h - 6 scrolls of amnesia
 k - 10 scrolls of remove curse
 o - 8 scrolls of fear
 p - 3 scrolls of enchant armour
 r - 5 scrolls of fog
 s - 3 scrolls of enchant weapon
 u - 5 scrolls of blinking
 N - a scroll of silence
 U - 2 scrolls of magic mapping
 Z - 6 scrolls of identify
Potions
 g - 4 potions of might
 j - 2 potions of magic
 q - a potion of brilliance
 x - 11 potions of curing
 y - a potion of resistance
 A - 4 potions of mutation
 B - 3 potions of ambrosia
 C - 6 potions of berserk rage
 E - 5 potions of haste
 H - 2 potions of invisibility
 L - 10 potions of heal wounds
 V - 3 potions of flight
 W - a potion of stabbing
Comestibles
 f - 42 rations
 P - 6 chunks of flesh


   Skills:
 + Level 12.5(17.5) Fighting
 + Level 20.8(25.8) Long Blades
 - Level 6.0(11.0) Throwing
 + Level 16.8(21.8) Armour
 + Level 13.7(18.7) Dodging
 - Level 15.0(20.0) Shields
 - Level 7.1 Invocations


You had 17 spell levels left.
You didn't know any spells.
Your spell library contained the following spells:

 Spells                   Type           Power        Failure   Level  Hunger
 Beastly Appendage        Tmut           #.....       82%         1    ##.....
 Corona                   Hex            #......      82%         1    ##.....
 Freeze                   Ice            #...         82%         1    ##.....
 Sting                    Tmut/Pois      #...         82%         1    ##.....
 Ensorcelled Hibernation  Hex/Ice        #.....       91%         2    ###....
 Poisonous Vapours        Pois/Air       #.....       91%         2    ###....
 Sticks to Snakes         Tmut           #.......     91%         2    ###....
 Confusing Touch          Hex            #.......     99%         3    ####...
 Dazzling Flash           Conj/Hex       #.....       99%         3    ####...
 Frozen Ramparts          Ice            #.....       99%         3    ####...
 Gell's Gravitas          Tloc           #.........   99%         3    ####...
 Ignite Poison            Fire/Tmut/Pois #.......     99%         3    ####...
 Mephitic Cloud           Conj/Pois/Air  #.......     99%         3    ####...
 Ozocubu's Armour         Chrm/Ice       #.......     99%         3    ####...
 Spider Form              Tmut/Pois      #.........   99%         3    ####...
 Static Discharge         Conj/Air       #.......     99%         3    ####...
 Tukima's Dance           Hex            #.......     99%         3    ####...
 Hailstorm                Conj/Ice       #.......     100%        4    #####..
 Ice Form                 Ice/Tmut       #.......     100%        4    #####..
 Olgreb's Toxic Radiance  Pois           #.......     100%        4    #####..
 Petrify                  Tmut/Erth      #.......     100%        4    #####..
 Summon Ice Beast         Ice/Summ       #.......     100%        4    #####..
 Blade Hands              Tmut           #.........   100%        5    ######.
 Lightning Bolt           Conj/Air       #.........   100%        5    ######.
 Metabolic Englaciation   Hex/Ice        #.........   100%        5    ######.
 Yara's Violent Unravell  Hex/Tmut       #.........   100%        5    ######.
 Freezing Cloud           Conj/Ice/Air   #.........   100%        6    #######
 Ozocubu's Refrigeration  Ice            #.........   100%        6    #######
 Simulacrum               Ice/Necr       #.........   100%        6    #######
 Ignition                 Fire           #.........   100%        8    #######
 Shatter                  Erth           #.........   100%        9    #######
 Tornado                  Air            #.........   100%        9    #######


Dungeon Overview and Level Annotations

Branches:
Dungeon (15/15)            Temple (0/1) D:7            Lair (6/6) D:8
 Shoals (4/4) Lair:2       Spider (0/4) Lair:2        Slime (0/5) Lair:5
    Orc (2/2) D:12            Elf (0/3) Orc:2        Vaults (0/5) D:14
 Depths (0/5) D:15        Ossuary (visited)           IceCv (visited)
Volcano (visited)         Gauntlet (visited)

Altars:
Ashenzari
Cheibriados
Dithmenos
Elyvilon
Hepliaklqana
Okawaru
Qazlal
Ru
Trog
Uskayaw
Vehumet
Wu Jian
Xom
Zin
The Shining One
Beogh

Shops:
D:5 ?   D:8 *   D:12 [   D:15 !   Orc:2 *%[(

Portals:
Trove: D:11 (give +7 demon blade)

Annotations:
D:15 2 transporters, Emut's ghost, journeyman DEEE
Lair:4 1 runed translucent door, Cuollip's ghost, journeyman VSTm
Shoals:2 1 transporter


Innate Abilities, Weirdness & Mutations

You can be seen from farther away. (+LOS)
You can swim through water.
You cover ground slowly.
You can hop long distances.
Your flesh is heat resistant. (rF+)
Your muscles are strong. (Str +2)


Message History

The alligator snapping turtle is heavily wounded.
You block the alligator snapping turtle's attack.
You gain the combat prowess of a mighty hero.
You can now deal lightning-fast blows.
The dream sheep "Baaaas" sleepily.
The alligator snapping turtle misses you.
You hit the alligator snapping turtle.
You feel better.
The alligator snapping turtle is heavily wounded.
You hit the alligator snapping turtle.
The alligator snapping turtle is heavily wounded.
You block the alligator snapping turtle's attack.
You hit the alligator snapping turtle but do no damage.
The alligator snapping turtle is heavily wounded.
You hit the alligator snapping turtle.
You feel better.
The alligator snapping turtle is heavily wounded.
The dream sheep shake their wool and sparkle.
You feel drowsy...
You fall asleep.
The alligator snapping turtle bites you!!!!
Ouch! That really hurt!
You die...

..........≈≈≈≈≈≈≈≈≈≈≈≈≈....≈
...≈##≈.≈))≈≈≈≈≈≈≈≈≈≈≈≈.t...
...#######..................
.###.##.≈≈##.......%........
.##...≈≈≈≈##......)##.#..#..
. #..#.#≈≈##...(..÷# #
#≈≈..≈≈##≈...(..#..#
##.#.#≈.#≈....t.#...≈.
#...≈≈≈.#≈.Y.Y@≈#..#.#.#
##.≈≈≈≈###.....≈##≈. .≈
#######..Y...(## .#. .#
≈......(..# ..≈. .#
..(≈.....## .≈ ≈. #
..≈≈...... ##### ..≈≈......
..≈...≈..#. .........#.


You could see an alligator snapping turtle and 3 dream sheep.

Vanquished Creatures
  A bone dragon (Abyss:4)
  Jorgrun (D:12)
  A kraken (Shoals:3)
  Polyphemus (Shoals:2)
  A tentacled starspawn (Abyss:4)
  Agnes (D:15)
  A shadow dragon (Abyss:4)
  Kirke (Shoals:2)
  Louise (D:15)
  An orc warlord (Orc:2)
  Aizul (Shoals:4)
  A frost giant (Shoals:4)
  2 stone giants
  Nessos (D:14)
  Azrael (D:15)
  A yellow draconian (Abyss:4)
  3 minotaurs
  An ettin (D:15)
  12 merfolk impalers
  5 merfolk javelineers
  Erolcha (D:10)
  A catoblepas (Shoals:2)
  4 hydras
  2 alligator snapping turtles
  4 merfolk avatars
  12 two-headed ogres
  3 ogre magi
  6 merfolk aquamancers
  A death knight (D:14)
  7 death yaks
  A large abomination (Abyss:4)
  6 orc high priests (Orc:2)
  11 slime creatures
  Urug (D:11)
  A wretched star (Abyss:4)
  Sonja (D:12)
  A soul eater (Gauntlet)
  7 skeletal warriors
  A shadow demon (Abyss:3)
  9 sea snakes
  A kraken simulacrum (Shoals:4)
  9 harpies
  2 anaconda skeletons (Volcano)
  A necromancer (IceCv)
  3 orc sorcerers
  2 deep elf magi
  15 fauns
  8 manticores
  11 ugly things
  2 oklob plants (Lair:1)
  10 cyclopes
  12 merfolk sirens
  4 black mambas
  2 torpor snails (Lair:6)
  2 ice statues
  2 centaur skeletons
  5 water nymphs
  8 elephants
  6 gargoyles
  4 komodo dragons (Lair:6)
  Maggie (D:8)
  20 spiny frogs
  4 kobold demonologists
  A rime drake (shapeshifter) (D:15)
  10 freezing wraiths (IceCv)
  6 yaktaurs
  4 rime drakes
  2 ice devils (Lair:5)
  2 tengu conjurers
  2 queen bees
  30 merfolk
  Prince Ribbit (D:6)
  5 wind drakes
  6 trolls
  4 tyrant leeches (Lair:6)
  A hornet (shapeshifter) (Gauntlet)
  A wolf spider simulacrum (IceCv)
  3 meliai (D:14)
  4 dream sheep (Shoals:4)
  2 raiju (Abyss:3)
  A harpy skeleton (Abyss:4)
  24 blink frogs
  8 snapping turtles
  6 hippogriffs
  3 flying skulls (Volcano)
  Sigmund (D:5)
  2 shadows
  3 starcursed masses (Abyss:4)
  A spriggan (shapeshifter) (Gauntlet)
  2 wraiths (D:14)
  3 wyverns
  An alligator skeleton (Volcano)
  56 yaks
  16 water elementals
  3 fire elementals (D:15)
  7 hogs (Shoals:2)
  Grum (D:9)
  6 humans (D:9)
  A neqoxec (Abyss:4)
  A basilisk (Lair:5)
  A hungry ghost (D:15)
  2 steam dragons
  2 death yak simulacra (IceCv)
  A chaos spawn (Abyss:4)
  12 vampire mosquitoes
  Menkaure (Ossuary)
  2 small abominations (Abyss:4)
  Edmund (D:5)
  6 insubstantial wisps (Abyss:4)
  7 wargs
  8 water moccasins
  A hell hound (D:15)
  2 soldier ants (D:13)
  2 porcupines
  16 orc warriors
  2 black bears
  5 phantoms
  4 sky beasts
  An eye of draining (D:13)
  6 ice beasts (IceCv)
  2 hornet zombies (D:14)
  A necrophage (D:9)
  12 centaurs
  10 ogres
  4 wolves (D:9)
  4 crocodiles
  6 big kobolds
  Blork the orc (D:5)
  29 bullfrogs
  A wyvern zombie (D:9)
  4 scorpions
  43 killer bees
  16 wights
  2 troll skeletons (Volcano)
  3 electric eels
  6 howler monkeys
  A bullfrog zombie (D:11)
  6 crimson imps
  6 jellies
  A quasit (D:12)
  6 hounds
  3 draconian simulacra (IceCv)
  2 centaur zombies
  30 orc priests
  A bullfrog skeleton (D:5)
  5 iguanas
  11 orc wizards
  10 worker ants
  2 spriggan simulacra (IceCv)
  A polar bear simulacrum (IceCv)
  5 troll simulacra (IceCv)
  A centaur simulacrum (IceCv)
  2 hound zombies
  2 hound skeletons
  2 howler monkey zombies
  3 mummies (Ossuary)
  2 worker ant zombies (D:6)
  A howler monkey skeleton (D:6)
  10 gnolls (D:13)
  17 adders
  4 naga simulacra (IceCv)
  5 ogre simulacra (IceCv)
  A river rat (D:8)
  6 shadow imps
  12 white imps (IceCv)
  2 oozes (Lair:5)
  A worm (shapeshifter) (Gauntlet)
  4 worms
  5 dart slugs
  4 leopard geckos
  93 orcs
  4 giant cockroaches
  9 goblins
  7 hobgoblins
  18 jackals
  35 kobolds
  3 quokkas
  A ball python (D:2)
  5 bats
  5 frilled lizards
  4 gnoll skeletons (Ossuary)
  4 gnoll zombies (Ossuary)
  6 goblin skeletons
  4 goblin zombies
  3 hobgoblin skeletons (Ossuary)
  10 hobgoblin zombies
  4 kobold skeletons
  4 kobold zombies (Ossuary)
  2 leopard gecko skeletons
  5 orc skeletons (Ossuary)
  8 orc zombies
  A quokka skeleton (D:4)
  11 rats
  3 rat skeletons (Ossuary)
  A rat zombie (Ossuary)
  2 fungi (Lair:4)
  5 plants
  6 tentacles
1145 creatures vanquished.

Vanquished Creatures (others)
  A satyr (Shoals:2)
  A wizard (D:15)
  A faun (Shoals:1)
  A cyclops (Shoals:3)
  An elephant (Lair:5)
  4 yaktaurs (D:13)
  A merfolk (Shoals:2)
  A small abomination (Abyss:4)
  A chaos spawn (Abyss:4)
  2 centaurs
  4 orcs
  A goblin zombie (Ossuary)
  A kobold (D:12)
  An orc skeleton (Ossuary)
  A rat skeleton (Ossuary)
  10 fungi
  47 plants
  2 starspawn tentacles (Abyss:4)
  16 tentacles
97 creatures vanquished.

Grand Total: 1242 creatures vanquished

Notes
Turn   | Place    | Note
-------+----------+-------------------------------------------
     0 | D:1      | ReteAZ the Barachi Gladiator began the quest for the Orb.
     0 | D:1      | Reached XP level 1. HP: 17/17 MP: 1/1
   196 | D:1      | Reached XP level 2. HP: 19/23 MP: 2/2
   287 | D:1      | Reached skill level 4 in Long Blades
   508 | D:1      | Reached XP level 3. HP: 28/28 MP: 3/3
  1131 | D:2      | Reached XP level 4. HP: 35/35 MP: 4/4
  1145 | D:2      | Reached skill level 5 in Long Blades
  1411 | D:2      | Found a sacrificial altar of Ru.
  1413 | D:2      | Found a shadowy altar of Dithmenos.
  1628 | D:2      | Reached XP level 5. HP: 31/41 MP: 5/5
  1760 | D:2      | Found a glowing silver altar of Zin.
  2094 | D:2      | Found a hide-covered altar of Uskayaw.
  2112 | D:2      | Found a shimmering altar of Xom.
  2122 | D:2      | Found a radiant altar of Vehumet.
  2122 | D:2      | Found an iron altar of Okawaru.
  2124 | D:2      | Found a hide-covered altar of Uskayaw.
  2124 | D:2      | Found a hazy altar of Hepliaklqana.
  2124 | D:2      | Found a glowing golden altar of the Shining One.
  2236 | D:3      | Reached skill level 6 in Long Blades
  2249 | D:3      | Reached XP level 6. HP: 29/48 MP: 6/6
  2465 | D:3      | You fall into a shaft and drop 2 floors!
  2465 | D:5      | Entered Level 5 of the Dungeon
  2470 | D:5      | Noticed Sigmund
  2578 | D:4      | Found a white marble altar of Elyvilon.
  2887 | D:4      | Found a sand-covered staircase.
  2896 | Ossuary  | Entered an ossuary
  3030 | Ossuary  | Reached skill level 5 in Dodging
  3129 | Ossuary  | Reached skill level 7 in Long Blades
  3228 | Ossuary  | Reached XP level 7. HP: 55/55 MP: 7/7
  3312 | Ossuary  | Noticed Menkaure
  3381 | Ossuary  | Killed Menkaure
  3381 | Ossuary  | Reached skill level 5 in Fighting
  4482 | D:4      | Reached skill level 8 in Long Blades
  4872 | D:5      | Noticed Edmund
  4897 | D:5      | Killed Edmund
  4897 | D:5      | Reached skill level 1 in Armour
  4897 | D:5      | Reached XP level 8. HP: 45/63 MP: 8/8
  5110 | D:5      | Found a stormy altar of Qazlal.
  5413 | D:5      | Killed Sigmund
  5539 | D:5      | Found Xeuh's Magic Scroll Shoppe.
  5583 | D:5      | Reached skill level 9 in Long Blades
  5865 | D:5      | Found a radiant altar of Vehumet.
  5871 | D:5      | Noticed Blork the orc
  5888 | D:5      | Killed Blork the orc
  6429 | D:6      | Found a shattered altar of Ashenzari.
  6439 | D:6      | Noticed Prince Ribbit
  6455 | D:6      | Killed Prince Ribbit
  6455 | D:6      | Reached skill level 10 in Long Blades
  6455 | D:6      | Reached XP level 9. HP: 21/69 MP: 9/9
  6749 | D:6      | Found a hazy altar of Hepliaklqana.
  6749 | D:6      | Found an ornate altar of the Wu Jian Council.
  6750 | D:6      | Found a snail-covered altar of Cheibriados.
  6750 | D:6      | Found an iron altar of Okawaru.
  6750 | D:6      | Found a glowing golden altar of the Shining One.
  6777 | D:6      | Became a worshipper of Warmaster Okawaru
  7029 | D:6      | Reached skill level 5 in Armour
  7034 | D:6      | Reached skill level 11 in Long Blades
  7525 | D:6      | Got an ancient kite shield
  7531 | D:6      | Identified the +1 kite shield of Hucwoem {Str+5} (You found
                  | it on level 6 of the Dungeon)
  7675 | D:7      | Found a staircase to the Ecumenical Temple.
  7740 | D:7      | Reached skill level 1 in Shields
  7836 | D:7      | Found a white marble altar of Elyvilon.
  7836 | D:7      | Found a bloodstained altar of Trog.
  7939 | D:7      | Found a glowing golden altar of the Shining One.
  8035 | D:7      | Reached * piety under Okawaru
  8056 | D:7      | Found the brooch of Shielding {Reflect SH+8}
  8160 | D:7      | Reached skill level 1 in Invocations
  8547 | D:8      | Noticed Maggie
  8570 | D:8      | Killed Maggie
  8570 | D:8      | Reached skill level 12 in Long Blades
  8570 | D:8      | Reached XP level 10. HP: 76/76 MP: 11/11
  8646 | D:8      | Found a staircase to the Lair.
  8653 | D:8      | Noticed a death yak
  8913 | D:8      | Reached ** piety under Okawaru
  9305 | D:8      | Found Visany's General Store.
  9314 | D:8      | Bought a scroll of teleportation for 42 gold pieces
  9314 | D:8      | Bought a scroll of identify for 28 gold pieces
  9314 | D:8      | Bought a scroll of magic mapping for 49 gold pieces
  9424 | D:8      | Found a roughly hewn altar of Beogh.
  9601 | D:9      | Found a runed translucent door.
  9704 | D:9      | You fall into a shaft and drop 1 floor!
  9704 | D:10     | Entered Level 10 of the Dungeon
  9982 | D:10     | Found an iron altar of Okawaru.
 10004 | D:10     | Noticed Erolcha
 10024 | D:10     | Killed Erolcha
 10024 | D:10     | Reached *** piety under Okawaru
 10024 | D:10     | Reached skill level 13 in Long Blades
 10241 | D:10     | Noticed a gargoyle
 10340 | D:9      | Reached XP level 11. HP: 75/81 MP: 11/14
 10343 | D:9      | Found a runed translucent door.
 10345 | D:9      | Found a runed translucent door.
 10384 | D:9      | Noticed a two-headed ogre
 10404 | D:9      | Killed a two-headed ogre
 10404 | D:9      | Reached **** piety under Okawaru
 10467 | D:9      | Reached skill level 14 in Long Blades
 10478 | D:9      | Noticed Grum
 10522 | D:9      | Reached skill level 5 in Invocations
 10525 | D:9      | Noticed a cyclops
 10536 | D:9      | Killed a cyclops
 10561 | D:9      | Killed Grum
 11073 | D:9      | Found a runed translucent door.
 11073 | D:9      | Found a runed translucent door.
 11211 | D:9      | Reached ***** piety under Okawaru
 11226 | D:9      | Reached skill level 10 in Dodging
 11678 | Lair:1   | Entered Level 1 of the Lair of Beasts
 11955 | Lair:1   | Reached XP level 12. HP: 83/89 MP: 17/17
 12169 | Lair:1   | Received a gift from Okawaru
 13425 | D:11     | Found a portal to a secret trove of treasure.
 13748 | D:11     | Reached skill level 5 in Shields
 14212 | D:11     | Noticed Urug
 14233 | D:11     | Killed Urug
 16136 | Lair:2   | Noticed an eight-headed hydra
 16157 | Lair:2   | Killed a 12-headed hydra
 16395 | Lair:2   | Found a hole to the Spider Nest.
 16638 | Lair:2   | Got a heavily runed chain mail
 16742 | Lair:2   | Identified the cursed +0 chain mail "Urownoef" {rN+ Str+3
                  | Dex-2} (You found it on level 2 of the Lair of Beasts)
 17043 | Lair:2   | Found a staircase to the Shoals.
 17493 | Lair:3   | Noticed a six-headed hydra
 17501 | Lair:3   | Killed a six-headed hydra
 17501 | Lair:3   | Received a gift from Okawaru
 17504 | Lair:3   | Got a dazzling chain mail {god gift}
 17659 | Lair:3   | Identified the +2 chain mail "Fyisch" {+Inv rPois} (Okawaru
                  | gifted it to you on level 3 of the Lair of Beasts)
 18262 | Lair:4   | Found a dark tunnel.
 18283 | Volcano  | Entered a volcano
 18453 | Volcano  | Gained mutation: You can hop long distances. [Barachi
                  | growth]
 18453 | Volcano  | Reached XP level 13. HP: 94/98 MP: 16/18
 18614 | Volcano  | Reached skill level 10 in Shields
 19147 | Lair:4   | Received a gift from Okawaru
 19148 | Lair:4   | Found the +15 Maxwell's patent armour {-Cast -Tele rElec
                  | MR+ rCorr}
 19621 | Lair:4   | Found a runed translucent door.
 19623 | Lair:4   | Found a shimmering altar of Xom.
 19623 | Lair:4   | Noticed Cuollip's ghost (journeyman VSTm)
 19935 | Lair:5   | Found a frozen archway.
 20030 | IceCv    | Entered an ice cave
 20432 | IceCv    | Found an ancient bone altar of Kikubaaqudgha.
 21381 | Lair:5   | Found a staircase to the Slime Pits.
 21966 | Lair:6   | Entered Level 6 of the Lair of Beasts
 22026 | Lair:5   | Identified a scroll of acquirement
 22026 | Lair:5   | Identified the +7 demon blade "Geqesat" {vamp, rN+ Dex+3}
                  | (You acquired it on level 5 of the Lair of Beasts)
 22032 | Lair:5   | Identified the +5 ring mail of the Gastropod {Regen+ Dex+3}
                  | (You found it on level 5 of the Lair of Beasts)
 22137 | Lair:6   | Reached XP level 14. HP: 109/109 MP: 16/19
 22144 | Lair:6   | Reached skill level 5 in Throwing
 22153 | Lair:6   | Received a gift from Okawaru
 22225 | Lair:6   | Reached skill level 10 in Fighting
 22282 | Lair:6   | Reached skill level 15 in Long Blades
 22331 | Lair:6   | Received a gift from Okawaru
 22562 | Lair:6   | Received a gift from Okawaru
 23610 | D:12     | Found a gate leading to a gauntlet.
 23626 | Gauntlet | Entered a Gauntlet
 23626 | Gauntlet | Found a transporter.
 23626 | Gauntlet | Found a transporter.
 23626 | Gauntlet | Found a runed translucent gate.
 23631 | Gauntlet | Found a runed translucent gate.
 23632 | Gauntlet | Found a runed translucent gate.
 23633 | Gauntlet | Found a transporter.
 23646 | Gauntlet | Found a transporter.
 23658 | Gauntlet | Found a transporter.
 23663 | Gauntlet | Found a transporter.
 23666 | Gauntlet | Found a transporter.
 23686 | Gauntlet | Found a transporter.
 23704 | Gauntlet | Found a transporter.
 23708 | Gauntlet | Found a transporter.
 23710 | Gauntlet | Found a runed translucent door.
 23712 | Gauntlet | Found a runed translucent door.
 23716 | Gauntlet | Found a transporter.
 23720 | Gauntlet | Found a transporter.
 23925 | Gauntlet | Reached skill level 16 in Long Blades
 23925 | Gauntlet | Reached XP level 15. HP: 108/115 MP: 20/20
 23957 | Gauntlet | Got a fine steel ring
 23959 | Gauntlet | Identified the ring of the Villain {rF+ Str+4} (You found
                  | it in a Gauntlet)
 24227 | D:12     | Found a staircase to the Orcish Mines.
 24227 | D:12     | Found Reej's Armour Shop.
 24227 | D:12     | Noticed Jorgrun
 24227 | D:12     | Noticed Sonja
 24245 | D:12     | Killed Sonja
 24265 | D:12     | Killed Jorgrun
 24291 | D:12     | Reached skill level 10 in Armour
 24519 | D:12     | Received a gift from Okawaru
 24564 | D:12     | Got a steaming crystal plate armour {god gift}
 24585 | D:12     | Identified the +12 crystal plate armour of Valour {-Cast
                  | rElec rC++ Str+4} (Okawaru gifted it to you on level 12 of
                  | the Dungeon)
 24878 | D:12     | Reached XP level 16. HP: 122/122 MP: 21/21
 25388 | D:13     | Identified the +11 rapier "Meochy" {holy, Str+3 Dex+4}
 25389 | D:13     | Reached skill level 17 in Long Blades
 26013 | D:14     | Found a gate to the Vaults.
 26021 | D:14     | Received a gift from Okawaru
 26476 | D:14     | Noticed Nessos
 26481 | D:14     | Killed Nessos
 26508 | D:14     | Reached ****** piety under Okawaru
 26575 | D:14     | Reached skill level 15 in Shields
 26832 | D:15     | Entered Level 15 of the Dungeon
 26834 | D:15     | Found Ucyenuma's Distillery.
 26855 | D:15     | Reached skill level 18 in Long Blades
 26856 | D:15     | Bought a potion of heal wounds for 60 gold pieces
 26856 | D:15     | Bought a potion of heal wounds for 60 gold pieces
 26856 | D:15     | Bought a potion of heal wounds for 60 gold pieces
 26856 | D:15     | Bought a potion of heal wounds for 60 gold pieces
 26856 | D:15     | Bought a potion of mutation for 96 gold pieces
 27087 | D:15     | Noticed Louise
 27094 | D:15     | Cast into level 3 of the Abyss (Louise)
 27148 | Abyss:4  | Noticed a tentacled starspawn
 27169 | Abyss:4  | Killed a tentacled starspawn
 27180 | Abyss:4  | Noticed a bone dragon
 27190 | Abyss:4  | Killed a bone dragon
 27190 | Abyss:4  | Received a gift from Okawaru
 27190 | Abyss:4  | Reached XP level 17. HP: 128/128 MP: 22/22
 27230 | Abyss:4  | Gained mutation: Scrolls take you a little longer to read.
                  | [a neqoxec]
 27370 | D:15     | Escaped the Abyss
 27379 | D:15     | Killed Louise
 27430 | D:15     | Found a transporter.
 27454 | D:15     | Found a transporter.
 27454 | D:15     | Noticed Emut's ghost (journeyman DEEE)
 27478 | D:15     | Noticed Azrael
 27506 | D:15     | Killed Azrael
 27785 | D:15     | Reached skill level 19 in Long Blades
 27910 | D:15     | Found a staircase to the Depths.
 27929 | D:15     | Found a bloodstained altar of Trog.
 28060 | D:15     | Noticed Agnes
 28069 | D:15     | Killed Agnes
 28069 | D:15     | Received a gift from Okawaru
 28162 | Orc:1    | Entered Level 1 of the Orcish Mines
 28590 | Orc:2    | Entered Level 2 of the Orcish Mines
 28655 | Orc:2    | Found a staircase to the Elven Halls.
 28763 | Orc:2    | Found Biqa's Armour Shoppe.
 28764 | Orc:2    | Found Uschuem's Antique Weapon Boutique.
 28911 | Orc:2    | Lost mutation: Scrolls take you a little longer to read.
                  | [potion of mutation]
 28911 | Orc:2    | Gained mutation: Your muscles are strong. (Str +2) [potion
                  | of mutation]
 28911 | Orc:2    | Gained mutation: Your flesh is heat resistant. (rF+)
                  | [potion of mutation]
 29023 | Orc:2    | Found a roughly hewn altar of Beogh.
 29287 | Orc:2    | Found a roughly hewn altar of Beogh.
 29322 | Orc:2    | Found Plog's General Store.
 29322 | Orc:2    | Found Ymolukah's Food Boutique.
 29428 | Orc:2    | Bought a scroll of enchant armour for 90 gold pieces
 29428 | Orc:2    | Bought a scroll of magic mapping for 42 gold pieces
 29428 | Orc:2    | Bought a potion of might for 48 gold pieces
 29428 | Orc:2    | Bought a potion of curing for 36 gold pieces
 29428 | Orc:2    | Bought a scroll of identify for 24 gold pieces
 29428 | Orc:2    | Bought a potion of heal wounds for 60 gold pieces
 29428 | Orc:2    | Bought a potion of curing for 36 gold pieces
 29428 | Orc:2    | Bought a potion of heal wounds for 60 gold pieces
 29428 | Orc:2    | Bought a potion of resistance for 120 gold pieces
 29705 | Shoals:1 | Entered Level 1 of the Shoals
 29730 | Shoals:1 | Reached skill level 15 in Armour
 30627 | Shoals:2 | Noticed Polyphemus
 30815 | Shoals:2 | Noticed Kirke
 30889 | Shoals:2 | Received a gift from Okawaru
 30918 | Shoals:2 | Killed Kirke
 31016 | Shoals:2 | Received a gift from Okawaru
 31016 | Shoals:2 | Reached skill level 20 in Long Blades
 31016 | Shoals:2 | Reached XP level 18. HP: 136/136 MP: 23/23
 31055 | Shoals:2 | Killed Polyphemus
 31467 | Shoals:2 | Found a transporter.
 31852 | Shoals:3 | Received a gift from Okawaru
 32604 | Shoals:4 | Entered Level 4 of the Shoals
 32613 | Shoals:4 | Noticed Aizul
 32638 | Shoals:4 | Killed Aizul
 32883 | Shoals:4 | Received a gift from Okawaru
 33104 | Shoals:4 | Got a barnacled rune of Zot
 33199 | Shoals:4 | Demolished by an alligator snapping turtle

Levels and vault maps discovered:
D:1:      dpeg_arrival_chase, layout_loops_ring, grunt_decor_fettered,
          due_unseen_surprise
D:2:      layout_rooms, zin_scriptorium, gammafunk_temple_overflow_forgotten,
          doesnt_xom_only_xom
D:3:      layout_loops_cross
D:4:      layout_basic, nicolae_ossuary_entry_monument, elyvilon_altar_4
D:5:      layout_cave_pods, kennysheep_mini, serial_shops, shop, basic_altar,
          first_ration, uniq_blork_the_orc, uniq_edmund, uniq_sigmund
D:6:      layout_loops_ring, grunt_temple_overflow_open,
          nicolae_overflow_hidden_temple, uniq_prince_ribbit1
D:7:      layout_layer_cave, chequers_temple_overflow_statue_of_worship,
          temple_fountains, nicolae_tso_besieged_by_evil
D:8:      layout_gridville, dpeg_lair_monsters, special_room [special_room_orc],
          serial_shops, shop, uniq_maggie
D:9:      erik_cavepeople, layout_basic, david_nohive_1, uniq_grum
D:10:     layout_roguey, okawaru_ov_weapons_minmay, uniq_erolcha
D:11:     layout_loops_ring, enter_trove_0, uniq_urug
D:12:     layout_roguey, orc_david_3, gauntlet_entry_generic, uniq_jorgrun,
          uniq_sonja
D:13:     fort_yaktaur, layout_basic
D:14:     layout_roguey [special_room_bee], david_vaults_2,
          infiniplex_staircase_split_hallway, drop_trap, uniq_nessos
D:15:     hangedman_depths_entry_civil_slaughter, layout_gridville,
          serial_shops, nicolae_shop_crystal, gammafunk_ghost_mausoleum,
          minivault_19, trog_wizard, uniq_louise, uniq_agnes, uniq_azrael
Lair:1:   dpeg_oklob_gauntlet, layout_cave_pods
Lair:2:   layout_gridlike, minmay_shoals_entry_beasts,
          nicolae_spider_entry_non_spiders, lemuel_fruit_fields,
          lemuel_fruit_tree
Lair:3:   layout_regular_city
Lair:4:   layout_cave_pods, nicolae_volcano_entry_hallway, ebering_ghost_xom,
          grunt_megastairs_1
Lair:5:   layout_small_grid, nicolae_slime_entry_slimehenge,
          portal_ice_cave_demonic_guard
Lair:6:   minmay_lair_end_frog_pond, layout_regular_city
Shoals:1: layout_shoals
Shoals:2: gammafunk_the_bubble [the_bubble_gammafunk_plus_minus], layout_shoals,
          uniq_kirke, uniq_polyphemus
Shoals:3: layout_shoals, st_shoals_ruin
Shoals:4: shoals_end_grunt_ice, layout_shoals, uniq_aizul
Orc:1:    layout_caves
Orc:2:    st_orc_town, layout_caves, basic_altar

Skill      XL: |  1  2  3  4  5  6  7  8  9 10 11 12 13 14 15 16 17 18 |
---------------+-------------------------------------------------------+-----
Long Blades    | 4 5 6 7 8 10 12 13 14 16 18 20 | 20.8
Fighting       | 3 4 5 6 8 9 10 12 | 12.5
Dodging        | 4 5 6 8 10 12 13 | 13.7
Armour         | 1 4 6 8 9 10 13 15 16 | 16.8
Shields        | 2 4 8 11 13 15 | 15.0
Invocations    | 2 4 7 |  7.1
Throwing       | 4 6 |  6.0

Action                   |  1- 3 |  4- 6 |  7- 9 | 10-12 | 13-15 | 16-18 || total
-------------------------+-------+-------+-------+-------+-------+-------++-------
Melee: Long sword        |    60 |   199 |    67 |       |       |       ||   326
       Short sword       |       |    42 |   195 |       |       |       ||   237
       Falchion          |       |       |   123 |   827 |   546 |       ||  1496
       Demon blade       |       |       |       |       |   632 |  2050 ||  2682
Throw: Dart              |    30 |    64 |   106 |    44 |     3 |       ||   247
       Boomerang         |       |       |     6 |   123 |       |       ||   129
       Throwing net      |       |       |     2 |       |       |       ||     2
       Javelin           |       |       |       |    39 |    20 |    30 ||    89
Invok: Heroism           |       |       |       |    10 |    16 |     8 ||    34
       Finesse           |       |       |       |     1 |     3 |     2 ||     6
 Abil: Hop               |       |       |       |     1 |     4 |     2 ||     7
Evoke: Wand              |       |       |     2 |    38 |       |       ||    40
  Use: Scroll            |       |     2 |     2 |    24 |     9 |     6 ||    43
       Potion            |       |       |     1 |       |     2 |     2 ||     5
 Stab: Sleeping          |       |     1 |       |     9 |     1 |       ||    11
       Paralysed         |       |       |     5 |     7 |       |       ||    12
       Held in net/web   |       |       |     2 |       |       |       ||     2
       Distracted        |       |       |     1 |     1 |       |       ||     2
       Petrified         |       |       |       |       |       |    17 ||    17
       Petrifying        |       |       |       |       |       |     3 ||     3
  Eat: Chunk             |     1 |     7 |    13 |    19 |    13 |    32 ||    85
       Ration            |       |       |     2 |     5 |     3 |       ||    10
Armor: Leather armour    |    26 |    78 |    17 |       |       |       ||   121
       Ring mail         |       |       |     7 |       |     4 |       ||    11
       Chain mail        |       |       |    65 |     3 |       |       ||    68
       Steam dragon scal |       |       |       |    60 |       |       ||    60
       Plate armour      |       |       |       |       |   134 |   187 ||   321
       Crystal plate arm |       |       |       |       |     3 |   196 ||   199
Dodge: Dodged            |    57 |   152 |   168 |   205 |   225 |   440 ||  1247
       Deflected         |       |       |       |    19 |     3 |    67 ||    89
Block: Tower shield      |       |       |     7 |       |       |       ||     7
       Kite shield       |       |       |    65 |   531 |   883 |  1743 ||  3222
       Reflection        |       |       |     3 |    31 |    28 |   136 ||   198
       Rpst.: Long sword |    14 |    40 |     8 |       |       |       ||    62
       Falchion          |       |       |    10 |    54 |    22 |       ||    86
       Demon blade       |       |       |       |       |    34 |    86 ||   120

Table legend:
 A = Non-vault XP
 B = Vault XP
 C = Vault XP percentage of total XP
 D = Non-vault monster count
 E = Vault monster count
 F = Vault count percentage of total count
                 A         B        C        D         E       F
            +---------+---------+-------+---------+---------+-------
      Total |  161527 |  115885 |  41.8 |     682 |     457 |  40.1
            +---------+---------+-------+---------+---------+-------
        D:1 |      55 |       0 |   0.0 |      31 |       0 |   0.0
        D:2 |     215 |       0 |   0.0 |      33 |       0 |   0.0
        D:3 |      77 |       0 |   0.0 |      13 |       0 |   0.0
        D:4 |     511 |       0 |   0.0 |      32 |       0 |   0.0
        D:5 |     529 |     485 |  47.8 |      13 |       3 |  18.8
        D:6 |     996 |     300 |  23.1 |      12 |       1 |   7.7
        D:7 |     504 |      55 |   9.8 |      16 |      10 |  38.5
        D:8 |    1099 |     792 |  41.9 |      21 |      29 |  58.0
        D:9 |    2469 |    4383 |  64.0 |      18 |      40 |  69.0
       D:10 |    2284 |    1003 |  30.5 |      32 |       1 |   3.0
       D:11 |    3309 |     804 |  19.5 |      24 |       1 |   4.0
       D:12 |    9927 |    3846 |  27.9 |      53 |       5 |   8.6
       D:13 |   10108 |   11322 |  52.8 |      64 |      34 |  34.7
       D:14 |   10713 |    6395 |  37.4 |      25 |      29 |  53.7
       D:15 |    9635 |   10458 |  52.0 |      21 |      13 |  38.2
     Lair:1 |    3096 |    1084 |  25.9 |      14 |       2 |  12.5
     Lair:2 |    3051 |    1119 |  26.8 |       9 |      10 |  52.6
     Lair:3 |    1175 |       0 |   0.0 |       3 |       0 |   0.0
     Lair:4 |    4918 |    1435 |  22.6 |      20 |       2 |   9.1
     Lair:5 |    4969 |     842 |  14.5 |      17 |       7 |  29.2
     Lair:6 |    8313 |   11285 |  57.6 |      28 |      46 |  62.2
   Shoals:1 |   16239 |       0 |   0.0 |      35 |       0 |   0.0
   Shoals:2 |   16308 |    9271 |  36.2 |      32 |      13 |  28.9
   Shoals:3 |   22860 |    4997 |  17.9 |      44 |       8 |  15.4
   Shoals:4 |    7963 |   22647 |  74.0 |      19 |      26 |  57.8
      Orc:1 |    1631 |       0 |   0.0 |      12 |       0 |   0.0
      Orc:2 |    5255 |    6696 |  56.0 |      21 |      51 |  70.8
    Abyss:3 |       0 |    1296 | 100.0 |       0 |       3 | 100.0
    Abyss:4 |   13318 |       0 |   0.0 |      20 |       0 |   0.0
    Ossuary |       0 |     223 | 100.0 |       0 |      46 | 100.0
      IceCv |       0 |    6702 | 100.0 |       0 |      54 | 100.0
    Volcano |       0 |    5067 | 100.0 |       0 |      13 | 100.0
   Gauntlet |       0 |    3378 | 100.0 |       0 |      10 | 100.0
            +---------+---------+-------+---------+---------+-------
